 Dungeon Crawl Stone Soup version 0.29.1-15-g9cfb28693d (webtiles) character file.

Game seed: 13500512716427523220

2339 Ast3rio the Cleaver (level 9, -2/117 HPs)
             Began as a Minotaur Berserker on Mar 15, 2023.
             Was a Priest of Trog.
             Slain by an orc warrior
             ... wielding a +0 battleaxe
              (11 damage)
             ... on level 7 of the Dungeon.
             The game lasted 00:08:52 (6447 turns).

Ast3rio the Cleaver (Minotaur Berserker)            Turns: 6447, Time: 00:08:53

Health: -2/117     AC: 11    Str: 30    XL:     9   Next: 19%
Magic:  2/2        EV: 10    Int:  4    God:    Trog [***...]
Gold:   128        SH:  0    Dex: 10    Spells: 8/8 levels left

rFire   + . .      SeeInvis .   B - +7 hand axe of Guthriwn {antimagic, Str+4}
rCold   . . .      Faith    .   (no shield)
rNeg    . . .      Spirit   .   r - +1 chain mail {rF+}
rPois   .          Reflect  .   (helmet restricted)
rElec   .          Harm     .   (no cloak)
rCorr   .          Rampage  .   (no gloves)
Will    .....                   (no boots)
Stlth   ..........              (no amulet)
HPRegen 0.29/turn               (no ring)
MPRegen 0.08/turn               (no ring)

@: berserking, very quick
A: horns 2, retaliatory headbutt
a: Renounce Religion, Berserk, Trog's Hand


You were on level 7 of the Dungeon.
You worshipped Trog.
Trog was most pleased with you.
You visited 1 branch of the dungeon, and saw 7 of its levels.

You collected 356 gold pieces.
You spent 228 gold pieces at shops.

Inventory:

Hand Weapons
 a - a +0 hand axe
 w - a +2 vorpal hand axe
 B - the +7 hand axe of Guthriwn (weapon) {antimagic, Str+4}
   (You found it on level 6 of the Dungeon)

   It reduces the magical energy of the wielder, and disrupts the spells and
   magical abilities of those it strikes.
   Natural abilities and divine invocations are not affected.
   Str:       It affects your strength (+4).
 E - a +1 antimagic halberd
Armour
 b - a +0 animal skin
 e - a +0 ring mail
 r - a +1 chain mail of fire resistance (worn)
Jewellery
 j - a ring of poison resistance
 l - a ring of protection from fire
Wands
 s - a wand of polymorph (6)
 A - a wand of roots (14)
Scrolls
 g - 5 scrolls of blinking {unknown}
 h - 5 scrolls of identify {unknown}
 i - 2 scrolls of amnesia {unknown}
 k - 3 scrolls of noise {unknown}
 n - 4 scrolls of poison {unknown}
 o - 3 scrolls of enchant armour {unknown}
 p - a scroll of enchant weapon {unknown}
 q - 3 scrolls of teleportation {unknown}
 u - 4 scrolls of torment {unknown}
 y - a scroll of fear {unknown}
Potions
 c - 2 potions of attraction {unknown}
 d - 2 potions of degeneration {unknown}
 f - 2 potions of lignification {unknown}
 m - 2 potions of mutation {unknown}
 t - 4 potions of curing {unknown}
 v - 2 potions of brilliance {unknown}
 x - 3 potions of heal wounds
 z - a potion of haste {unknown}
 C - a potion of resistance {unknown}
 D - 2 potions of flight {unknown}
 F - a potion of ambrosia {unknown}
 G - a potion of magic {unknown}
 H - a potion of cancellation {unknown}


   Skills:
 + Level 6.9 Fighting
 + Level 10.1(10.2) Axes
 + Level 1.0(6.4) Polearms
 + Level 8.2 Armour
 + Level 4.5 Dodging
 + Level 1.7 Stealth
 + Level 1.3 Unarmed Combat


You had 8 spell levels left.
You didn't know any spells.
Your spell library was empty.

Dungeon Overview and Level Annotations

Branches:
Dungeon (7/15)             Temple (0/1) D:6

Altars:
Ru
Xom
Yredelemnul

Shops:
D:6 (


Innate Abilities, Weirdness & Mutations

You have a pair of horns on your head.
You reflexively headbutt those who attack you in melee.


Message History

* * * LOW HITPOINT WARNING * * *
You hit Maggie but do no damage.
Maggie is almost dead.
Maggie hits you but does no damage.
You slash Maggie!
You kill Maggie!
Trog accepts your kill.
Trog appreciates your killing of a magic user.
Your Axes skill increases to level 10!
Your base Polearms skill increases to level 1!
Your Armour skill increases to level 8!
You hit the orc. Your headbutt misses the orc.
The orc is lightly wounded.
The orc closely misses you.
The orc priest calls upon Beogh to heal the orc.
The orc's wounds heal themselves!
A red film seems to cover your vision as you go berserk!
You feel yourself moving faster!
You feel mighty! The orc hits you but does no damage.
You slash the orc!
You kill the orc!
Trog accepts your kill. The orc priest barely misses you.
The orc warrior hits you with a +0 battleaxe.
* * * LOW HITPOINT WARNING * * *
Items here: )) [[ ††.
You hit the orc priest.
The orc priest is lightly wounded.
You slash the orc warrior! You barely miss the orc priest.
The orc priest is lightly wounded.
You barely miss the orc warrior. The orc priest barely misses you.
The orc warrior closely misses you. You furiously retaliate!
You headbutt the orc warrior. You slice the orc priest!!
You kill the orc priest!
Trog accepts your kill.
You barely miss the orc warrior.
The orc warrior hits you with a +0 battleaxe!
You die...

#......###.##.###.....
#.>...####.##.####.###
####### #..##......# #
#.########## # ####.#
### ..#.# #.. #.#)#
#######.# ####.#.#
#.......# #o@....#
#.#####..
.....oo##.###
#.#####.# ####.## #.#
#........ # ..#
#.#####.. ####
#.#####.# #.......#
#..###### # ##


You could see an orc warrior and 2 orcs.

Vanquished Creatures
  Maggie (D:7)
  Sigmund (D:2)
  A water moccasin (D:6)
  Duvessa (D:7)
  3 black bears
  A centaur (D:6)
  An ogre (D:5)
  2 phantoms
  A bullfrog (D:7)
  2 necrophages (D:5)
  A scorpion (D:4)
  3 wights (D:6)
  Dowan (D:7)
  A jelly (D:6)
  A howler monkey (D:6)
  3 hounds
  3 orc priests
  Jessica (D:3)
  Ijyb (D:4)
  Terence (D:2)
  6 iguanas
  5 gnolls
  5 adders
  2 shadow imps (D:6)
  3 white imps
  A worm (D:2)
  5 dart slugs
  11 orcs
  8 endoplasms
  A giant cockroach (D:4)
  7 goblins
  11 hobgoblins
  9 kobolds
  2 quokkas
  5 ball pythons
  3 bats
  3 frilled lizards
  8 rats
125 creatures vanquished.

Notes
Turn   | Place    | Note
-------+----------+-------------------------------------------
     0 | D:1      | Ast3rio the Minotaur Berserker began the quest for the Orb.
     0 | D:1      | Reached XP level 1. HP: 19/19 MP: 0/0
   201 | D:1      | Reached skill level 4 in Axes
   201 | D:1      | Reached XP level 2. HP: 27/27 MP: 1/1
   650 | D:1      | Reached XP level 3. HP: 27/33 MP: 2/2
   819 | D:1      | Found a faded altar of an unknown god.
   900 | D:1      | Reached ** piety under Trog
  1261 | D:2      | Noticed Terence
  1272 | D:2      | Killed Terence
  1273 | D:2      | Reached XP level 4. HP: 34/41 MP: 3/3
  1414 | D:2      | Reached skill level 5 in Axes
  1657 | D:2      | Noticed Sigmund
  1667 | D:2      | Killed Sigmund
  1668 | D:2      | Reached skill level 5 in Fighting
  1668 | D:2      | Reached skill level 6 in Axes
  1668 | D:2      | Reached XP level 5. HP: 48/48 MP: 4/4
  1668 | D:2      | Reached XP level 6. HP: 56/56 MP: 5/5
  2087 | D:3      | Noticed Jessica
  2098 | D:3      | Killed Jessica
  2969 | D:4      | Found a shimmering altar of Xom.
  2970 | D:4      | Found a sacrificial altar of Ru.
  3012 | D:4      | Noticed Ijyb
  3019 | D:4      | Reached *** piety under Trog
  3031 | D:4      | Killed Ijyb
  3470 | D:4      | Reached skill level 7 in Axes
  3470 | D:4      | Reached XP level 7. HP: 57/62 MP: 6/6
  3792 | D:5      | Entered Level 5 of the Dungeon
  3944 | D:5      | Found a basalt altar of Yredelemnul.
  3983 | D:5      | Reached skill level 5 in Armour
  4271 | D:5      | Reached skill level 8 in Axes
  4271 | D:5      | Reached XP level 8. HP: 68/70 MP: 7/7
  4409 | D:5      | Reached skill level 1 in Stealth
  4416 | D:5      | Reached skill level 1 in Unarmed Combat
  4712 | D:6      | Identified the +7 hand axe of Guthriwn {antimagic, Str+4}
  5095 | D:6      | Found a staircase to the Ecumenical Temple.
  5199 | D:6      | Reached skill level 9 in Axes
  5630 | D:6      | Found Gietel's Weapon Boutique.
  5635 | D:6      | Bought a +1 antimagic halberd for 228 gold pieces
  6261 | D:7      | Noticed Dowan
  6261 | D:7      | Noticed Duvessa
  6269 | D:7      | Killed Duvessa
  6273 | D:7      | Killed Dowan
  6274 | D:7      | Reached XP level 9. HP: 55/78 MP: 2/8
  6418 | D:7      | Noticed Maggie
  6440 | D:7      | Killed Maggie
  6441 | D:7      | Reached skill level 10 in Axes
  6441 | D:7      | Reached skill level 1 in Polearms
  6447 | D:7      | Slain by an orc warrior

Illustrated notes

Levels and vault maps discovered:
D:1:      erik_arrival_cave_to_civilisation [erik_arrival_cave_to_hall],
          layout_basic, hellmonk_ecumenical_altar_prayer_group
D:2:      layout_loops_ring, uniq_terence, uniq_sigmund
D:3:      layout_basic, uniq_jessica
D:4:      minmay_spotlight, layout_basic, nicolae_overflow_hidden_temple,
          minmay_tree_intersection, uniq_ijyb
D:5:      layout_basic, mainiacjoe_overflow_cross_hatched
D:6:      layout_loops_ring, minmay_temple_entry_junction_2, serial_shops,
          kennysheep_little_box, kennysheep_cross_bottleneck
D:7:      layout_loops_cross, uniq_maggie, uniq_duvessa

Skill      XL: |  1  2  3  4  5  6  7  8  9 |
---------------+----------------------------+-----
Axes           | 4 6 7 8 9 10 | 10.1
Fighting       | 4 5 6 |  6.9
Armour         | 3 4 5 7 8 |  8.2
Dodging        | 3 4 |  4.5
Stealth        | 1 |  1.7
Unarmed Combat | 1 |  1.3
Polearms       | 1 |  1.0

Action                   |  1- 3 |  4- 6 |  7- 9 || total
-------------------------+-------+-------+-------++-------
Melee: Hand axe          |    75 |   126 |   146 ||   347
       Headbutt          |     9 |    14 |    31 ||    54
       Unarmed           |       |     8 |       ||     8
       Punch             |       |     5 |     1 ||     6
       Halberd           |       |       |     8 ||     8
Invok: Berserk           |       |     3 |     1 ||     4
 Stab: Distracted        |       |     1 |       ||     1
Armor: Animal skin       |     5 |       |       ||     5
       Ring mail         |    16 |    29 |       ||    45
       Chain mail        |       |    18 |    68 ||    86
Dodge: Dodged            |    56 |    78 |    60 ||   194
